 Dungeon Crawl Stone Soup version 0.32-a0-675-gdc239d62e1 (webtiles) character file.

Game seed: 11709514395600458049

385 zenocrate the Digger (level 6, -3/54 HPs)
             Began as an Octopode Earth Elementalist on Mar 12, 2024.
             Was an Initiate of Hepliaklqana.
             Slain by a phantom (6 damage)
             ... on level 4 of the Dungeon.
             The game lasted 00:05:42 (3569 turns).

zenocrate the Digger (Octopode Earth Elementalist)  Turns: 3569, Time: 00:05:43

Health: -3/54      AC:  1    Str:  8    XL:     6   Next: 77%
Magic:  1/11       EV: 13    Int: 25    God:    Hepliaklqana [......]
Gold:   104        SH:  0    Dex: 12    Spells: 5/12 levels left

rFire   . . .        b - +0 halberd
rCold   . . .        (shield currently unavailable)
rNeg    . . .        (helmet restricted)
rPois   .            (no amulet)
rElec   .            j - +6 ring of intelligence
rCorr   .            (no ring)
SInv    .            (no ring)
Will    .....        (no ring) Stlth
                     (no ring)
HPRegen 0.29/turn    (no ring)
MPRegen 0.12/turn    (no ring)
                     (no ring)

%: no passive effects
@: berserking, very quick
A: almost no armour, amphibious, 8 rings, camouflage 1, gelatinous body 1,
(nimble swimmer 1), tentacles
a: Renounce Religion


You were on level 4 of the Dungeon.
You worshipped Hepliaklqana.
Hepliaklqana was noncommittal.
You visited 2 branches of the dungeon, and saw 5 of its levels.

You collected 104 gold pieces.

Inventory:

Hand Weapons
 a - a +3 dagger
 b - a +0 halberd (weapon)
Jewellery
 j - a +6 ring of intelligence (left tentacle)
Scrolls
 d - a scroll of fog {unknown}
 e - a scroll of revelation {unknown}
 f - a scroll of amnesia {unknown}
 i - a scroll of enchant armour {unknown}
 n - a scroll of poison {unknown}
 p - a scroll of vulnerability {unknown}
 q - a scroll of enchant weapon {unknown}
 r - 2 scrolls of teleportation {unknown}
Potions
 c - 2 potions of mutation
 g - a potion of invisibility
 h - 3 potions of enlightenment
 o - a potion of magic


   Skills:
 - Level 2.0 Dodging
 - Level 4.0 Stealth
 + Level 3.6 Spellcasting
 + Level 3.3 Conjurations
 * Level 5.1 Earth Magic


You had 5 spell levels left.
You knew the following spells:

 Your Spells              Type           Power      Damage    Failure   Level
a - Stone Arrow           Conj/Erth      50%        3d10      4%          3
b - Sandblast             Erth           60%        2d14      1%          1
z - Passwall              Erth           30%        N/A       3%          3

Your spell library contained the following spells:

 Spells                   Type           Power      Damage    Failure   Level
 Brom's Barrelling Bould  Conj/Erth      25%        2d5       17%         4
 Gell's Gravitas          Tloc           4%         N/A       28%         3
 Inner Flame              Hex/Fire       4%         N/A       28%         3
 Teleport Other           Tloc           4%         N/A       28%         3
 Petrify                  Alch/Erth      17%        N/A       32%         4
 Irradiate                Conj/Alch      6%         3d13      80%         5
 Dispersal                Tloc           2%         N/A       100%        6
 Ignition                 Fire           2%         3d3       100%        8


Dungeon Overview and Level Annotations

Branches:
Dungeon (4/15)             Temple (1/1) D:4

Altars:
Ashenzari
Cheibriados
Dithmenos
Fedhas
Hepliaklqana
Kikubaaqudgha
Makhleb
Nemelex Xobeh
Okawaru
Qazlal
Sif Muna
Vehumet
Wu Jian
Xom
Yredelemnul

Shops:
D:2 (


Innate Abilities, Weirdness & Mutations

You cannot wear most types of armour.
You are amphibious.
You can wear up to eight rings at the same time.
Your skin changes colour to match your surroundings (Stealth+).
Your rubbery body absorbs attacks. (AC +1, EV +1)
((You are camouflaged when in or above water. (Stealth+)))
You have tentacles for arms and can constrict up to eight enemies at once.


Message History

Found 18 gold pieces.
Found a stone staircase leading down.
Unknown command.
The phantom hits you.
The phantom blinks!
You blink.
Casting: Stone Arrow (dangerous; 4% risk of failure)
Confirm with . or Enter, or press ? or * to list all spells.
Aiming: Stone Arrow (dangerous; 4% risk of failure)
Press: ? - help, Shift-Dir - straight line, f/p - phantom
Aim: a phantom (moderately damaged, 60% to hit)
The stone arrow hits the phantom!
The phantom is almost destroyed.
The phantom closely misses you.
Unknown command.
You barely miss the phantom.
The phantom is almost destroyed.
The phantom hits you.
You miss the phantom. Your squeeze misses the phantom.
The phantom is almost destroyed.
The phantom hits you.
The phantom blinks!
You blink.
The phantom closely misses you.
You are too injured to fight recklessly!
You barely miss the phantom.
The phantom is almost destroyed.
The gnoll shouts!
The phantom closely misses you.
You closely miss the gnoll.
The gnoll shouts!
Your grab misses the gnoll. The gnoll closely misses you. The phantom hits you!
The gnoll hits you with a +0 club.
* * * LOW HITPOINT WARNING * * *
The phantom closely misses you.
Unknown command.
Okay, then.
It was a potion of berserk rage.
A red film seems to cover your vision as you go berserk!
You feel yourself moving faster!
You feel mighty! The gnoll hits you with a +0 club.
* * * LOW HITPOINT WARNING * * *
The phantom hits you.
You die...
Hepliaklqana delivers you to your ancestors.

............>..#
##.................#
##..................#
...................#
#.................#
#....g.g.........#
#.$..............#
#.....g.........## ......#
#....g@.........# .......##
##....W#........# ........##
##..###........## .........#
######.........#
.........######...ยง........#
..........#................##
............................#
............................#
........###.....####........#


You could see a phantom and 4 gnolls.

Vanquished Creatures
  A hound (D:4)
  3 orc priests (D:4)
  An iguana (D:4)
  An orc wizard (D:4)
  Robin (D:4)
  4 gnolls (D:3)
  11 adders
  2 ribbon worms (D:3)
  2 orcs (D:4)
  5 ball pythons
  2 bats
  2 endoplasms
  A giant cockroach (D:2)
  11 goblins
  8 hobgoblins
  2 jackals (D:2)
  6 frilled lizards
  6 kobolds
69 creatures vanquished.

Notes
Turn   | Place    | Note
-------+----------+-------------------------------------------
     0 | D:1      | zenocrate the Octopode Earth Elementalist began the quest
                  | for the Orb.
     0 | D:1      | Reached XP level 1. HP: 11/11 MP: 3/3
   288 | D:1      | Reached XP level 2. HP: 17/17 MP: 5/5
   940 | D:2      | You fall into a shaft and drop 2 floors!
   949 | D:4      | Reached XP level 3. HP: 15/21 MP: 1/6
  1040 | D:4      | Reached XP level 4. HP: 9/27 MP: 1/8
  1044 | D:4      | Learned a level 3 spell: Stone Arrow
  1621 | D:3      | Reached XP level 5. HP: 31/31 MP: 6/9
  1628 | D:3      | Reached skill level 4 in Earth Magic
  1772 | D:2      | Found Gaumoyng's Weapon Boutique.
  2532 | D:2      | Learned a level 3 spell: Passwall
  2620 | D:3      | Reached XP level 6. HP: 33/36 MP: 7/10
  3197 | D:4      | Noticed Robin
  3214 | D:4      | Killed Robin
  3338 | D:4      | Reached skill level 5 in Earth Magic
  3483 | D:4      | Found a staircase to the Ecumenical Temple.
  3530 | Temple   | Entered the Ecumenical Temple
  3535 | Temple   | Became a worshipper of Hepliaklqana the Forgotten
  3569 | D:4      | Slain by a phantom

Illustrated notes

Levels and vault maps discovered:
D:1:      kennysheep_arrival_seaside, layout_basic, skrybe_limestone_x
D:2:      layout_loops_ring, serial_shops, shop, grunt_decor_mini_mirrors,
          minivault_11, nicolae_half_adder
D:3:      layout_loops_corners
D:4:      wad_pebble_path, layout_cave_pods, minmay_temple_entry_trees,
          minivault_14, grunt_ministairs_8, roderic_cross_of_infinity,
          minmay_quantized, uniq_robin
Temple:   minmay_freezing_vapour_temple

Skill      XL: |  1  2  3  4  5  6 |
---------------+-------------------+-----
Stealth        | 3 4 |  4.0
Conjurations   | 2 3 |  3.3
Spellcasting   | 3 |  3.6
Earth Magic    | 4 5 |  5.1
Dodging        | |  2.0

Action                     |  1- 3 |  4- 6 || total
---------------------------+-------+-------++-------
  Melee: Short sword       |    11 |     1 ||    12
         Constrict         |     3 |    15 ||    18
         Tentacles         |     3 |    17 ||    20
         Dagger            |       |    48 ||    48
         Halberd           |       |    29 ||    29
   Cast: Sandblast         |    13 |    32 ||    45
         Stone Arrow       |       |     9 ||     9
    Use: Scroll            |       |     5 ||     5
         Potion            |       |     3 ||     3
   Stab: Sleeping          |     4 |     8 ||    12
 Armour: Skin              |     8 |    53 ||    61
  Dodge: Dodged            |     9 |    69 ||    78

Table legend: (Time is in decaauts)
 A = Elapsed time spent in this place.
 B = Non-inter-level travel time spent in this place.
 C = Inter-level travel time spent in this place.
 D = Time resting spent in this place.
 E = Time spent auto-exploring this place.
 F = Levels seen in this place.
 G = Mean time per level.
                   A        B        C        D        E       F      G
               +--------+--------+--------+--------+--------+-----+--------+
         Total |   3605 |   3415 |    190 |      0 |   2939 |   5 |  721.0 |
       Dungeon |   3594 |   3408 |    186 |      0 |   2939 |   4 |  898.5 |
        Temple |     10 |      6 |      4 |      0 |      0 |   1 |   10.0 |
               +--------+--------+--------+--------+--------+-----+--------+

Top non-repeatable levels by time:
     D:3: 1106 daAuts
     D:2: 855 daAuts
     D:4: 833 daAuts
     D:1: 798 daAuts
  Temple: 10 daAuts
